 Dungeon Crawl Stone Soup version 0.27-a0-1501-g9d6fb14e67 (webtiles) character file.

Game seed: 1391797525907961940

38 Kinoniko the Cudgeller (level 3, 0/23 HPs)
             Began as a Gargoyle Berserker on July 8, 2021.
             Was a Follower of Trog.
             Slain by a hobgoblin (2 damage)
             ... led by Robin
             ... on level 2 of the Dungeon.
             The game lasted 00:01:12 (1340 turns).

Kinoniko the Cudgeller (Gargoyle Berserker)         Turns: 1340, Time: 00:01:12

Health: 0/23       AC:  8    Str: 21    XL:     3   Next: 43%
Magic:  3/3        EV: 11    Int:  7    God:    Trog [*.....]
Gold:   99         SH:  0    Dex:  9    Spells: 2/2 levels left

rFire    + . .     SeeInvis .   a - +0 mace
rCold    + . .     Faith    .   (no shield)
rNeg     + . .     Spirit   .   d - +0 ring mail
rPois    ∞         Reflect  .   (no helmet)
rElec    +         Harm     .   (no cloak)
rCorr    +         Rampage  .   (no gloves)
Will     .....                  (no boots)
Stlth    ..........             (no amulet)
HPRegen  0.07/turn              (no ring)
MPRegen  0.08/turn              (no ring)

@: resistant, on berserk cooldown, slowed, very slow
A: sickness immunity, AC +3, negative energy resistance 1, electricity
resistance, torment resistance 1, petrification resistance
a: Renounce Religion, Berserk


You were on level 2 of the Dungeon.
You worshipped Trog.
Trog was aware of your devotion.
You visited 1 branch of the dungeon, and saw 2 of its levels.

You collected 99 gold pieces.

Inventory:

Hand Weapons
 a - a +0 mace (weapon)
Missiles
 e - a throwing net (quivered)
Armour
 b - a +0 animal skin
 d - a +0 ring mail (worn)
Potions
 f - a potion of resistance


   Skills:
 - Level 3.2 Fighting
 * Level 4.4 Maces & Flails
 - Level 2.1 Armour
 - Level 1.5 Dodging


You had 2 spell levels left.
You didn't know any spells.
Your spell library was empty.

Dungeon Overview and Level Annotations

Branches:
Dungeon (2/15)

Altars:

Annotations:
D:2 Robin


Innate Abilities, Weirdness & Mutations

You are immune to sickness and miasma.
Your stone body is resilient. (AC +3)
You are immune to poison.
You resist negative energy. (rN+)
You are resistant to electric shocks. (rElec)
You are resistant to unholy torment.
You are immune to petrification.


Message History

The goblin hits you with a +0 dagger. The goblin hits you but does no damage.
The goblin closely misses you. The goblin hits you but does no damage.
You hit the goblin but do no damage.
The goblin is heavily wounded.
The hobgoblin no longer looks unusually strong.
The goblin closely misses you. The goblin barely misses you.
The goblin hits you but does no damage. The goblin closely misses you.
The goblin hits you but does no damage.
Robin roars a battlecry!
The goblins go into a battle-frenzy!
The goblin hits you with a +0 dagger.
You sock the goblin!
You kill the goblin!
Trog accepts your kill. The goblin hits you with a +0 dagger.
* * * LOW HITPOINT WARNING * * *
The goblin barely misses you. The goblin hits you but does no damage.
The goblin closely misses you. The goblin barely misses you.
The goblin hits you with a +0 dagger.
* * * LOW HITPOINT WARNING * * *
Items here: ))) ††.
The goblin hits you but does no damage.
It was a potion of resistance.
You feel protected. The goblin hits you but does no damage.
You sock the goblin!
You kill the goblin!
Trog accepts your kill. The hobgoblin barely misses you.
Okay, then.
You hit the hobgoblin but do no damage.
The goblin no longer looks unusually strong.
Robin roars a battlecry!
The goblin goes into a battle-frenzy!
The hobgoblin hits you.
* * * LOW HITPOINT WARNING * * *
Unknown command.
You aren't carrying any scrolls.
You closely miss the hobgoblin. The hobgoblin hits you.
You die...

#...# #...........####
#...# #............#
#.###...####............###
......................†....
######..##########.†..#####
#..# #....# #..# #....#
#..###### #....#####
#....@gg# #.........
#.#####g# #......... #. #)#
#......... #. #g#
#...)..... #.


#gg ####...... #. .g. #...... #+ .... #...... .... ###...... ..<..# #........
You could see Robin, a hobgoblin (strong) and a goblin (strong).

Vanquished Creatures
  An endoplasm (D:1)
  2 giant cockroaches (D:1)
  10 goblins (D:2)
  4 hobgoblins
  3 quokkas (D:1)
  2 ball pythons (D:1)
  A bat (D:1)
  2 frilled lizards (D:1)
  5 kobolds
  3 rats
33 creatures vanquished.

Notes
Turn   | Place    | Note
-------+----------+-------------------------------------------
     0 | D:1      | Kinoniko the Gargoyle Berserker began the quest for the
                  | Orb.
     0 | D:1      | Reached XP level 1. HP: 14/14 MP: 1/1
   272 | D:1      | Reached XP level 2. HP: 19/19 MP: 2/2
  1047 | D:2      | Reached skill level 4 in Maces & Flails
  1059 | D:2      | Reached XP level 3. HP: 21/23 MP: 3/3
  1312 | D:2      | Noticed Robin
  1340 | D:2      | Slain by a hobgoblin

Illustrated notes

Levels and vault maps discovered:
D:1:      dpeg_arrival_another_circle, layout_basic,
          wander_ebering_terrifying_dragon_lair
D:2:      layout_basic, minmay_misc_feat_ornament, small_statue_intersection,
          chequers_arboretum, uniq_robin, uniq_sigmund

Skill      XL: |  1  2 |
---------------+-------+-----
Maces & Flails | 4 |  4.4
Fighting       | |  3.2
Armour         | |  2.1
Dodging        | |  1.5

Action                   || total
-------------------------++-------
Melee: Mace              ||    94
Invok: Berserk           ||     1
  Use: Potion            ||     2
 Stab: Sleeping          ||     1
Armor: Animal skin       ||    12
       Ring mail         ||    34
Dodge: Dodged            ||    73

Table legend: (Time is in decaauts)
 A = Elapsed time spent in this place.
 B = Non-inter-level travel time spent in this place.
 C = Inter-level travel time spent in this place.
 D = Time resting spent in this place.
 E = Time spent auto-exploring this place.
 F = Levels seen in this place.
 G = Mean time per level.
                   A        B        C        D        E       F      G
               +--------+--------+--------+--------+--------+-----+--------+
         Total |   1359 |   1272 |     87 |      0 |   1070 |   2 |  679.5 |
       Dungeon |   1359 |   1272 |     87 |      0 |   1070 |   2 |  679.5 |
               +--------+--------+--------+--------+--------+-----+--------+

Top non-repeatable levels by time:
     D:1: 1053 daAuts
     D:2: 305 daAuts
